Map: 凯罗斯中转站-天梯版

Players

Toodming - Winner!

  • Race: Zerg Zerg

Stephano

  • Race: Zerg Zerg

Event: WESG 2018 Grand Finals

VOD

Have the link to the VOD?

Description

Time

  • Played on: March 12, 2019, 1:03 a.m.
  • Length: 8:22

All games in this series

Show
View Real Time Build Order
Export as new Build Order

Toodming Zerg - Winner!

Build Orders: Pool First 

Get SALT Encoding   

  12  0:18  Spawning Pool  
  11  0:22  Drone  
  11  0:26  Drone  
  13  0:31  Drone  
  14  0:40  Overlord  
  14  1:05  Zergling x6  
  17  1:16  Zergling x2  
  18  1:18  Hatchery  
  17  1:27  Zergling x2  
  18  1:33  Queen  
  18  1:37  Zergling x2  
  21  1:48  Overlord  
  21  2:07  Drone  
  22  2:12  Drone  
  23  2:22  Drone  
  24  2:27  Queen  
  21  2:30  Drone  
  21  2:33  Drone  
  22  2:39  Queen  
  22  2:42  Extractor  
  23  2:44  Zergling x4  
  25  2:52  Drone  
  25  2:53  Drone  
  25  2:58  Drone x3  
  30  3:06  Drone  
  30  3:08  Overlord  
  31  3:13  Drone  
  31  3:19  Drone  
  33  3:24  Overlord  
  33  3:31  Drone  
  34  3:35  Drone x2  
  34  3:36  Drone  
  34  3:37  Drone  
  34  3:41  Drone  
  39  3:44  Lair  
  39  3:46  Drone x2  
  41  3:51  Drone x2  
  43  3:58  Roach Warren  
  43  4:01  Extractor  
  43  4:02  Extractor  
  40  4:06  Overlord  
  40  4:12  Spine Crawler  
  40  4:13  Drone x3  
  40  4:16  Drone  
  43  4:20  Queen  
  45  4:31  Evolution Chamber  
  44  4:41  Roach x3  
  44  4:42  Roach x2  
  54  4:46  Roach  
  54  4:47  Roach  
  54  4:51  Roach  
  58  5:09  Roach  
  58  5:11  Roach  
  60  5:14  Roach  
  60  5:17  Roach  
  60  5:19  Roach  
  60  5:21  Roach  
  60  5:23  Roach  
  60  5:24  Roach  
  56  5:35  Roach x3  
  60  5:36  Glial Reconstitution  
  60  5:39  Roach  
  58  5:48  Roach  
  56  5:51  Roach  
  56  5:52  Roach  
  56  6:01  Zerg Missile Weapons Level 1  
  56  6:03  Roach x2  
  56  6:09  Roach  
  52  6:21  Overlord x2  
  52  6:28  Roach  
  52  6:32  Overlord  
  54  6:37  Overlord  
  54  6:46  Roach x2  
  58  6:48  Hatchery  
  58  6:51  Roach  
  58  6:53  Ravager x2  
  61  6:55  Ravager x2  
  61  7:01  Roach x2  
  67  7:06  Drone x2  
  69  7:16  Roach  
  69  7:17  Roach x2  
  69  7:19  Roach  
  77  7:24  Roach  
  79  7:39  Roach x4  
  87  7:46  Overlord  
  87  7:47  Overlord  
  89  7:51  Roach  
  89  7:52  Overseer  
  86  8:00  Roach  
  86  8:01  Roach  
Show
View Real Time Build Order
Export as new Build Order

Stephano Zerg 

Build Orders: Hatch First, Roach Nydus 

Get SALT Encoding   

  12  0:01  Drone  
  13  0:12  Overlord  
  13  0:18  Drone  
  14  0:31  Drone x2  
  16  0:49  Hatchery  
  15  0:52  Drone  
  15  0:56  Drone  
  17  0:58  Drone  
  18  1:10  Extractor  
  17  1:14  Spawning Pool  
  17  1:17  Drone  
  17  1:20  Drone  
  18  1:28  Drone  
  19  2:01  Queen x2  
  21  2:02  Zergling x8  
  27  2:14  Zergling x2  
  28  2:28  Drone  
  26  2:43  Queen  
  27  2:46  Overlord  
  27  2:55  Lair  
  27  3:05  Drone x4  
  29  3:13  Drone  
  29  3:16  Drone x3  
  32  3:26  Extractor  
  31  3:28  Roach Warren  
  31  3:31  Drone  
  31  3:33  Drone  
  32  3:39  Overlord  
  32  3:41  Drone  
  32  3:44  Drone  
  32  3:46  Drone  
  35  3:56  Nydus Network  
  35  4:01  Overlord  
  34  4:03  Overlord  
  34  4:11  Roach x2  
  34  4:15  Roach  
  40  4:18  Roach  
  40  4:22  Roach  
  44  4:28  Roach x2  
  48  4:32  Roach  
  48  4:38  Nydus Canal  
  50  4:42  Roach  
  52  4:46  Roach  
  52  4:50  Roach  
  52  4:52  Overlord  
  56  4:56  Roach  
  58  5:03  Roach  
  56  5:14  Roach x3  
  54  5:22  Roach x2, Queen  
  54  5:35  Roach x2  
  56  5:41  Roach  
  56  5:42  Roach  
  56  5:48  Roach x2  
  54  6:02  Roach x2  
  52  6:09  Evolution Chamber  
  45  6:16  Drone x3  
  48  6:18  Queen  
  48  6:20  Glial Reconstitution  
  50  6:27  Drone x2  
  50  6:35  Drone x2  
  52  6:47  Hatchery  
  52  6:51  Drone x3  
  54  6:58  Drone  
  54  6:59  Extractor  
  54  7:06  Drone  
  54  7:08  Overlord  
  55  7:09  Overlord  
  55  7:10  Drone  
  55  7:13  Drone  
  57  7:16  Overseer  
  57  7:18  Drone  
  58  7:27  Drone x4  
  62  7:31  Ravager  
  62  7:32  Queen, Ravager  
  62  7:36  Roach x2  
  70  7:38  Ravager  
  71  7:46  Overlord  
  71  8:00  Roach x2  
Tags
 
Add a new tag
Caveats
  • Supply blocks, unpowered buildings, or Contaminate may cause inaccurate times.
  • Supply counts are checked every 10 seconds.